 Dungeon Crawl Stone Soup version 0.30-a0-779-g7971cf19c3 (webtiles) character file.

Game seed: 8040338870421301503

1765 Dittersdorf the Trooper (level 9, 0/56 HPs)
             Began as a Gargoyle Fighter on Feb 17, 2023.
             Slain by a wight
             ... wielding a +0 halberd
              (9 damage)
             ... on level 6 of the Dungeon.
             The game lasted 00:07:53 (4706 turns).

Dittersdorf the Trooper (Gargoyle Fighter)          Turns: 4706, Time: 00:07:54

Health: 0/56       AC: 16    Str: 24    XL:     9   Next: 7%
Magic:  9/9        EV:  9    Int:  9    God:
Gold:   1545       SH:  5    Dex:  9    Spells: 8/8 levels left

rFire   . . .      SeeInvis .    a - +0 flail (venom)
rCold   . . .      Faith    .    c - +0 buckler
rNeg    + . .      Spirit   .    j - +0 scale mail
rPois   ∞          Reflect  .    r - +0 helmet
rElec   +          Harm     .    t - +0 cloak
rCorr   .          Rampage  .    (no gloves)
Will    .....                    (no boots) Stlth
                                 (no amulet)
HPRegen 0.29/turn                (no ring)
MPRegen 0.11/turn                (no ring)

@: no status effects
A: sickness immunity, AC +6, negative energy resistance 1, electricity
resistance, torment resistance 1, petrification resistance
a: no special abilities


You were on level 6 of the Dungeon.
You visited 1 branch of the dungeon, and saw 6 of its levels.
You also visited: Sewer.

You collected 1545 gold pieces.

Inventory:

Hand Weapons
 a - a +0 flail of venom (weapon)
 b - the +3 sling of Saltpetre {speed, rCorr Int+3 Dex+2}
   (You found it on level 2 of the Dungeon)

   Int:       It affects your intelligence (+3).
   Dex:       It affects your dexterity (+2).
   rCorr:     It protects you from acid and corrosion.
Missiles
 i - a curare-tipped dart (quivered)
 u - a throwing net
Armour
 c - a +0 buckler (worn)
 j - a +0 scale mail (worn)
 r - a +0 helmet (worn)
 t - a +0 cloak (worn)
Wands
 f - a wand of flame (12)
 s - a wand of quicksilver (10)
Scrolls
 g - 2 scrolls of teleportation
 k - a scroll of fog
 p - a scroll of fear
Potions
 d - 3 potions of might
 e - 2 potions of heal wounds
 h - a potion of attraction {unknown}
 l - 2 potions of mutation
 m - 5 potions of flight
 n - 4 potions of curing
 o - 3 potions of brilliance
 q - 2 potions of magic
 v - a potion of haste {unknown}


   Skills:
 + Level 6.8 Fighting
 + Level 5.7 Maces & Flails
 - Level 2.9 Ranged Weapons
 + Level 6.8 Armour
 + Level 6.8 Shields


You had 8 spell levels left.
You didn't know any spells.
Your spell library contained the following spells:

 Spells                   Type           Power      Damage    Failure   Level
 Slow                     Hex            0%         N/A       75%         1
 Ensorcelled Hibernation  Hex/Ice        0%         N/A       86%         2
 Confusing Touch          Hex            0%         N/A       98%         3
 Frozen Ramparts          Ice            0%         1d1       98%         3
 Ignite Poison            Fire/Tmut/Pois 0%         N/A       98%         3
 Spider Form              Tmut/Pois      0%         N/A       98%         3
 Vampiric Draining        Necr           0%         2d6       98%         3
 Anguish                  Hex/Necr       0%         N/A       100%        4
 Ice Form                 Ice/Tmut       0%         N/A       100%        4
 Sticky Flame             Conj/Fire      0%         2d3       100%        4
 Summon Ice Beast         Ice/Summ       0%         N/A       100%        4
 Ignition                 Fire           0%         3d3       100%        8


Dungeon Overview and Level Annotations

Branches:
Dungeon (6/15)              Sewer (visited)
 Temple: D:4-7

Altars:
Yredelemnul

Shops:
D:5 [

Annotations:
D:4 1 runed translucent door, Wobber's ghost, amateur OpTm


Innate Abilities, Weirdness & Mutations

You are immune to sickness and miasma.
Your stone body is resilient. (AC +6)
You are immune to poison.
You resist negative energy. (rN+)
You are resistant to electric shocks. (rElec)
You are resistant to unholy torment.
You are immune to petrification.


Message History

You are too injured to fight recklessly!
You are too injured to fight recklessly!
You are too injured to fight recklessly!
You are too injured to fight recklessly!
You are too injured to fight recklessly!
You are too injured to fight recklessly!
You are too injured to fight recklessly!
You are too injured to fight recklessly!
You are too injured to fight recklessly!
You are too injured to fight recklessly!
The wight attacks as you move away! The wight hits you but does no damage.
The wight hits you with a +0 halberd. The wight attacks as you move away!
The wight hits you with a +1 scimitar. The wight barely misses you.
The wight attacks as you move away! The wight hits you with a +1 scimitar.
The wight attacks as you move away! The wight hits you with a +1 scimitar!
* * * LOW HITPOINT WARNING * * *
The wight attacks as you move away! The wight closely misses you.
The wight attacks as you move away! The wight hits you with a +1 scimitar.
* * * LOW HITPOINT WARNING * * *
You see here a black bear corpse.
The wight attacks as you move away! The wight barely misses you.
You sock the wight!
The wight is severely damaged.
The wight barely misses you. The wight hits you but does no damage.
The wight closely misses you.
You closely miss the wight.
The wight is lightly damaged.
The wight hits you but does no damage. The wight barely misses you.
The wight closely misses you. The wight hits you but does no damage.
You thump the wight!
The wight is severely damaged.
The wight misses you. The wight barely misses you.
You hit the wight but do no damage.
The wight is severely damaged.
The wight closely misses you. You block the wight's attack.
You hit the wight.
The wight is almost destroyed.
The wight hits you but does no damage. The wight hits you with a +0 halberd!
You die...

###.#.## ... #.....#
. #.....# #.....#
#+# ###.....## #.#
#........# #.####
#.###†##.# ##.....
#.# #z##.# ##...###
#.# #@##.####
#.)...# #.#
#.z.....# ##<..##
#.######.##.# ##..#
#........##.######.#
###########........#
##########


You could see 2 wights.

Vanquished Creatures
  A hornet (D:5)
  A water moccasin (D:5)
  A black bear (D:6)
  An ice beast (D:5)
  An ogre (D:4)
  A phantom (D:5)
  2 kobold brigands (Sewer)
  A bullfrog (D:4)
  A necrophage (D:3)
  A scorpion (D:4)
  2 wights (D:6)
  A howler monkey (D:5)
  3 hounds (D:5)
  Crazy Yiuf (D:3)
  2 gnoll boudas (D:5)
  Natasha (thrice) (D:4)
  An iguana (D:4)
  2 orc wizards
  Terence (D:3)
  Robin (D:3)
  9 gnolls (D:5)
  A river rat (Sewer)
  6 adders
  3 worms
  3 dart slugs (D:1)
  16 orcs
  7 bats
  4 endoplasms
  5 giant cockroaches
  9 hobgoblins
  5 jackals
  6 quokkas
  13 ball pythons
  2 frilled lizards
  10 goblins
  8 kobolds
  12 rats
147 creatures vanquished.

Notes
Turn   | Place    | Note
-------+----------+-------------------------------------------
     0 | D:1      | Dittersdorf the Gargoyle Fighter began the quest for the
                  | Orb.
     0 | D:1      | Reached XP level 1. HP: 14/14 MP: 1/1
   195 | D:1      | Reached XP level 2. HP: 19/19 MP: 2/2
   425 | D:1      | Reached XP level 3. HP: 22/23 MP: 3/3
   807 | D:2      | Identified the +3 sling of Saltpetre {speed, rCorr Int+3
                  | Dex+2}
   957 | D:2      | Reached XP level 4. HP: 29/29 MP: 4/4
  1056 | D:2      | You fall into a shaft and drop 2 floors!
  1196 | D:4      | Noticed Natasha
  1208 | D:4      | Killed Natasha
  1376 | D:4      | Noticed Natasha
  1380 | D:4      | Killed Natasha
  1381 | D:4      | Reached skill level 1 in Ranged Weapons
  1381 | D:4      | Reached XP level 5. HP: 33/33 MP: 5/5
  1480 | D:4      | Noticed Wobber's ghost (amateur OpTm)
  1485 | D:4      | Found a runed translucent door.
  1718 | D:3      | Noticed Terence
  1735 | D:3      | Killed Terence
  2045 | D:3      | Noticed Robin
  2065 | D:3      | Killed Robin
  2066 | D:3      | Reached XP level 6. HP: 34/39 MP: 6/6
  2460 | D:3      | Found a runed translucent door.
  2461 | D:3      | Noticed Crazy Yiuf
  2640 | D:3      | Killed Crazy Yiuf
  2815 | D:4      | Identified a scroll of acquirement
  2815 | D:4      | Acquired 1221 gold pieces
  2847 | D:4      | Reached XP level 7. HP: 41/44 MP: 7/7
  2904 | D:4      | Found a basalt altar of Yredelemnul.
  2962 | D:4      | Reached skill level 5 in Armour
  2962 | D:4      | Reached skill level 5 in Shields
  3018 | D:4      | Noticed Natasha
  3026 | D:4      | Killed Natasha
  3380 | D:4      | Reached skill level 5 in Fighting
  3632 | D:5      | Entered Level 5 of the Dungeon
  3700 | D:5      | Noticed a hornet
  3705 | D:5      | Killed a hornet
  3706 | D:5      | Reached XP level 8. HP: 24/51 MP: 8/8
  3715 | D:5      | Found a glowing drain.
  3735 | Sewer    | Entered a sewer
  3898 | Sewer    | Reached skill level 5 in Maces & Flails
  3959 | Sewer    | Found a white marble altar of Elyvilon.
  4352 | D:5      | Found Ketiy's Armour Boutique.
  4635 | D:6      | Reached XP level 9. HP: 53/56 MP: 9/9
  4706 | D:6      | Slain by a wight

Illustrated notes

Levels and vault maps discovered:
D:1:      co_arrival_random_square_maze, layout_basic
D:2:      layout_rooms, minmay_pentomino_u2
D:3:      layout_basic, fountainhead, hex_large, minmay_crystal_room,
          minmay_pentangle, uniq_crazy_yiuf_cottage, uniq_terence, uniq_robin
D:4:      layout_layer_cave, general_overflow_altar,
          hellmonk_ghost_happy_afterlife, corexii_item_surrounded_by_moat,
          uniq_natasha
D:5:      layout_basic, serial_shops, shop, portal_sewer_entry_f
D:6:      dreamdust_elfheim, layout_loops_corners,
          minmay_temple_entry_purple_smoke

Skill      XL: |  1  2  3  4  5  6  7  8 |
---------------+-------------------------+-----
Armour         | 4 5 6 |  6.8
Shields        | 4 5 6 |  6.8
Fighting       | 4 5 6 |  6.8
Maces & Flails | 3 4 5 |  5.7
Ranged Weapons | 1 2 |  2.9

Action                     |  1- 3 |  4- 6 |  7- 9 || total
---------------------------+-------+-------+-------++-------
  Melee: Flail             |    92 |    46 |   223 ||   361
         Sling             |       |    10 |       ||    10
   Fire: Sling             |     9 |   203 |    51 ||   263
    Use: Scroll            |     1 |    12 |     3 ||    16
 Armour: Scale mail        |    69 |    95 |   170 ||   334
  Dodge: Dodged            |    57 |    62 |   128 ||   247
  Block: Buckler           |    23 |    30 |    55 ||   108

Table legend: (Time is in decaauts)
 A = Elapsed time spent in this place.
 B = Non-inter-level travel time spent in this place.
 C = Inter-level travel time spent in this place.
 D = Time resting spent in this place.
 E = Time spent auto-exploring this place.
 F = Levels seen in this place.
 G = Mean time per level.
                   A        B        C        D        E       F      G
               +--------+--------+--------+--------+--------+-----+--------+
         Total |   4853 |   4649 |    204 |    433 |   2986 |   7 |  693.3 |
       Dungeon |   4554 |   4350 |    204 |    341 |   2863 |   6 |  759.0 |
         Sewer |    299 |    299 |      0 |     92 |    123 |   1 |  299.0 |
               +--------+--------+--------+--------+--------+-----+--------+

Top non-repeatable levels by time:
     D:4: 1410 daAuts
     D:3: 1227 daAuts
     D:1: 737 daAuts
     D:5: 668 daAuts
     D:2: 350 daAuts
   Sewer: 299 daAuts
     D:6: 161 daAuts
